 Dungeon Crawl Stone Soup version 0.13-a0-3016-gcb2faac (webtiles) character file.

234 PolkaDot the Stinger (level 4, 0/30 HPs)
             Began as a Vampire Venom Mage on Sept 10, 2013.
             Killed from afar by Ijyb (9 damage)
             ... with a wand of flame
             ... on Level 3 of the Dungeon.
             The game lasted 00:11:08 (2177 turns).

PolkaDot the Stinger (Vampire Venom Mage)           Turns: 2177, Time: 00:11:09

HP   0/30        AC  2     Str  7      XL: 4   Next: 86%
MP   8/9         EV 12     Int 18      God:
Gold 106         SH  0     Dex 14      Spells:  3 memorised,  1 level left

Res.Fire  : . . .   See Invis. : +   h - +0 elf short sword (curse)
Res.Cold  : . . .   Warding    : .   a - +0 robe
Life Prot.: . . .   Conserve   : +   (no shield)
Res.Poison: .       Res.Corr.  : .   (no helmet)
Res.Elec. : .       Clarity    : .   (no cloak)
Sust.Abil.: . .     Spirit.Shd : .   (no gloves)
Res.Mut.  : .       Stasis     : .   (no boots)
Res.Rott. : .       Flight     : .   l - amulet of conservation
Saprovore : . . .                    (no ring)
                                     (no ring)

@: regenerating quickly, slightly resistant to hostile enchantments, stealthy
A: fangs 3, see invisible, unbreathing
a: no special abilities


You were on level 3 of the Dungeon.
You were very full.

You visited 1 branch of the dungeon, and saw 3 of its levels.

You collected 86 gold pieces.

Inventory:

Hand weapons
 h - a cursed +0,+0 elven short sword (weapon)
Armour
 a - a +0 robe (worn)
Scrolls
 f - a scroll of curse armour {unknown}
 g - a scroll of amnesia {unknown}
 j - a scroll of enchant weapon II {unknown}
 k - 2 scrolls of curse weapon
Jewellery
 l - an amulet of conservation (around neck)
Books
 b - a Young Poisoner's Handbook

   Spells                             Type                      Level
   *Sting                             Conjuration/Poison           1
   *Cure Poison                       Poison                       2
   Mephitic Cloud                     Conjuration/Poison/Air       3
   *Olgreb's Toxic Radiance           Poison                       4
   Venom Bolt                         Conjuration/Poison           5


   Skills:
 - Level 2.1 Dodging
 - Level 3.0 Stealth
 + Level 2.5 Spellcasting
 * Level 5.1 Poison Magic


You had one spell level left.
You knew the following spells:

 Your Spells              Type           Power        Failure   Level  Hunger
a - Sting                 Conj/Pois      ##..         8%          1    #......
q - Cure Poison           Pois           ###.......   3%          2    ##.....
s - Olgreb's Toxic Radia  Pois           ###.....     24%         4    #####..


Dungeon Overview and Level Annotations

Branches:
Dungeon (3/27)

Altars:
Ashenzari
Cheibriados
Yredelemnul

Annotations:
D:3 Ijyb


Innate Abilities, Weirdness & Mutations

Your natural rate of healing is unusually fast.
You have razor-sharp teeth.*
You have supernaturally acute eyesight.
You can survive without breathing.*


Message History

As you read the scroll labeled FRYNARUAMAA, it crumbles to dust.
Use on which item? (\ to view known items) (? for menu, Esc to quit)
Nothing appears to happen.
Ijyb barely misses you.
Read which item? (? for menu, Esc to quit)
As you read the scroll labeled QUT NAETRUIMN, it crumbles to dust.
Your uncursed elven short sword glows black for a moment.
It was a scroll of curse weapon.
Ijyb screams, "I cut your head off!" Ijyb completely misses you.
Read which item? (? for menu, Esc to quit)
As you read the scroll labeled PNIQ PNUNGASUBB, it crumbles to dust.
Use on which item? (\ to view known items) (? for menu, Esc to quit)
l - an amulet of conservation (around neck) It was a scroll of identify.
Ijyb barely misses you.
A giant cockroach comes into view.
Read which item? (? for menu, Esc to quit)
As you read the scroll labeled STRUTU MELITOMM, it crumbles to dust.
The dust glows shimmering aubergine!
It was a scroll of random uselessness.
Ijyb zaps a wand.
The puff of flame hits you!
You die...

...................>.
...####.###......###
#.# ####.[.# #.#
#...# ##########.#
.....# #..........#
###...# #..........#
+...# #......g..##
#...# #.....@....#
#...# #.$......).#
#...........s..
#..........#...
######+#.#.#... #.#.#
. #...# ####


You could see Ijyb and a giant cockroach.

Vanquished Creatures
  A jelly (D:3)
  4 adders
  A ball python (D:1)
  3 bats (D:1)
  7 goblins
  8 hobgoblins
  6 giant cockroaches
  3 giant geckos
  3 giant newts
  7 jackals
  10 kobolds
  A quokka (D:2)
  5 rats
59 creatures vanquished.

Notes
Turn   | Place    | Note
--------------------------------------------------------------
     0 | D:1      | PolkaDot, the Vampire Venom Mage, began the quest for the Orb.
     0 | D:1      | Reached XP level 1. HP: 13/13 MP: 4/4
   340 | D:1      | Reached XP level 2. HP: 8/19 MP: 0/5
   500 | D:1      | Reached skill level 4 in Poison Magic
   850 | D:1      | Learned a level 2 spell: Cure Poison
   898 | D:2      | Reached XP level 3. HP: 20/24 MP: 0/7
  1067 | D:2      | Found a shattered altar of Ashenzari.
  1244 | D:2      | Reached XP level 4. HP: 10/30 MP: 0/9
  1582 | D:2      | Learned a level 4 spell: Olgreb's Toxic Radiance
  1756 | D:3      | Found a basalt altar of Yredelemnul.
  1789 | D:3      | Reached skill level 5 in Poison Magic
  1944 | D:3      | Found a snail-covered altar of Cheibriados.
  2023 | D:3      | Noticed Ijyb
  2031 | D:3      | HP: 1/30 [Ijyb/wand of flame (10)]
  2177 | D:3      | Killed from afar by Ijyb

Action                   |  1- 3 |  4- 6 || total
-------------------------+-------+-------++-------
Melee: Unarmed           |    13 |       ||    13
       Short sword       |    51 |    42 ||    93
 Cast: Sting             |    62 |    26 ||    88
       Cure Poison       |       |     2 ||     2
  Use: Scroll            |       |     5 ||     5
       Potion            |       |     2 ||     2
 Stab: Sleeping          |       |     1 ||     1
